 Dungeon Crawl Stone Soup version 0.29.1-14-g9c671dbff4 (webtiles) character file.

Game seed: 16366167199357914167

0 hawla the Chiller (level 1, -2/14 HPs)
             Began as a Meteoran Ice Elementalist on Feb 12, 2023.
             Slain by a quokka (3 damage)
             ... on level 1 of the Dungeon.
             The game lasted 00:00:36 (41 turns).

hawla the Chiller (Meteoran Ice Elementalist)         Turns: 41, Time: 00:00:37

Health: -2/14      AC:  2    Str:  9    XL:     1   Next: 0%
Magic:  5/5        EV: 12    Int: 16    God:
Gold:   24         SH:  0    Dex: 14    Spells: 4/5 levels left

rFire   . . .      SeeInvis .   (no weapon)
rCold   . . .      Faith    .   (no shield)
rNeg    . . .      Spirit   .   a - +0 robe
rPois   .          Reflect  .   (no helmet)
rElec   .          Harm     .   (no cloak)
rCorr   .          Rampage  .   (no gloves)
Will    .....                   (no boots)
Stlth   +.........              (no amulet)
HPRegen 0.04/turn               (no ring)
MPRegen 0.09/turn               (no ring)

@: glowing
A: sense surroundings 1, otherworldly, glowing, explore regen
a: no special abilities


You were on level 1 of the Dungeon.
You visited 1 branch of the dungeon, and saw 2 of its levels.

You collected 24 gold pieces.

Inventory:

Armour
 a - a +0 robe (worn)
Potions
 b - a potion of magic


   Skills:
 + Level 2.4 Dodging
 - Level 1.4 Stealth
 + Level 2.6 Spellcasting
 + Level 4.3 Ice Magic


You had 4 spell levels left.
You knew the following spells:

 Your Spells              Type           Power      Damage    Failure   Level
a - Freeze                Ice            64%        1d8       3%          1

Your spell library contained the following spells:

 Spells                   Type           Power      Damage    Failure   Level
 Frozen Ramparts          Ice            32%        1d5       10%         3
 Ozocubu's Armour         Ice            16%        N/A       10%         3
 Hailstorm                Conj/Ice       9%         3d4       61%         4


Dungeon Overview and Level Annotations

Branches:
Dungeon (2/15) Zot: 1157

Altars:


Innate Abilities, Weirdness & Mutations

You passively map a small area around you.
You are easily found by Zot.
You glow in the dark.
You regain HP and MP as you explore.


Message History

You start waiting.
A nearby plant withers and dies.
You hit the plant.
The plant begins to die.
The plant is lightly damaged.
You start waiting.
A nearby plant withers and dies.
You now have 24 gold pieces (gained 13).
There is a stone staircase leading down here.
You climb downwards.
The orc shouts! x3; The orc wizard shouts!
The orc shouts!
The endoplasm quivers. x2
Found a metallic purple potion and a ring mail.
There is a stone staircase leading up here.
The orc wizard gestures at you while chanting.
You are confused.
The quokka misses you.
You climb upwards.
There is a stone staircase leading down here.
You're too confused to cast spells.
Sorry, you're not good enough to have a special ability.
Unknown command.
You are too confused!
You are too confused!
You are too confused!
You are too confused!
You closely miss the quokka. The quokka bites you.
The quokka barely misses you. x2
You miss the quokka.
You feel less confused.
The quokka bites you but does no damage.
You miss the quokka. The quokka misses you.
You closely miss the quokka.
The quokka bites you but does no damage.
You hit the quokka but do no damage. The quokka bites you.
You hit the quokka but do no damage. The quokka bites you.
* * * LOW HITPOINT WARNING * * *
The quokka bites you.
* * * LOW HITPOINT WARNING * * *
You barely miss the quokka. The quokka bites you.
You die...

#.... ** , , #.#.#
#...# , ,,, , ,
#.#..,....# * * ,
,*#.#.# ....# , ,
#.#.##....# , #
#.#.......# , , **####.
#.#.##.#..# ,,
.....####....r....# .
,............>@....##..


.....PPPPPPP.PPPPPPP.. .....PPPPPPPP.PPPPPP.. , ,, ....PPPPP.....PPPPP.. , ,
#+#PPP..PPPPP..PPP.. , #PP.PPP...PPP.PP.. , #PP.PP.PPP.PP.PP.# * , * *
#P.PP.PP.PP.PP.P.# #P.P.PP.P.PP.P.P.# * You could see a quokka.

Vanquished Creatures (others)
  2 plants (D:1)
2 creatures vanquished.

Notes
Turn   | Place    | Note
-------+----------+-------------------------------------------
     0 | D:1      | hawla the Meteoran Ice Elementalist began the quest for the
                  | Orb.
     0 | D:1      | Reached XP level 1. HP: 14/14 MP: 5/5
    29 | D:2      | Noticed an orc wizard
    41 | D:1      | Slain by a quokka

Illustrated notes

Levels and vault maps discovered:
D:1:      roderic_crop_circles_arrival_small, layout_basic, minmay_crystal_water
D:2:      layout_rooms, basic_altar

Action                   || total
-------------------------++-------
Melee: Unarmed           ||     9
Armor: Robe              ||     2
Dodge: Dodged            ||     4
